 Dungeon Crawl Stone Soup version 0.30-a0-165-g1891117ce2 (webtiles) character file.

Game seed: 10297433484265767961

3378 ragingrage the Grappler (level 9, -4/84 HPs)
             Began as a Troll Fighter on Sept 28, 2022.
             Slain by Amaemon
             ... wielding a -1 demon whip of venom
              (5 damage)
             ... on level 7 of the Dungeon.
             The game lasted 00:06:15 (6785 turns).

ragingrage the Grappler (Troll Fighter)             Turns: 6785, Time: 00:06:16

Health: -4/84      AC:  9    Str: 36    XL:     9   Next: 74%
Magic:  8/8        EV:  8    Int:  4    God:
Gold:   383        SH:  8    Dex:  9    Spells: 8/8 levels left

rFire   . . .      SeeInvis .      - Unarmed
rCold   . . .      Faith    .    D - +0 kite shield
rNeg    . . .      Spirit   .    I - +0 acid dragon scales
rPois   .          Reflect  .    (helmet restricted)
rElec   .          Harm     .    q - +0 cloak
rCorr   +          Rampage  .    (gloves unavailable)
Will    .....                    (boots unavailable)
Stlth   +.........               (no amulet)
HPRegen 1.04/turn                A - ring of resist corrosion
MPRegen 0.11/turn                l - +6 ring of strength

@: lethally poisoned (-4 -> -28)
A: large, unfitting armour, claws 3, regeneration 1, shaggy fur 1, tough skin 1
a: no special abilities


You were on level 7 of the Dungeon.
You visited 2 branches of the dungeon, and saw 9 of its levels.

You collected 383 gold pieces.

Inventory:

Hand Weapons
 b - the +8 whip "Snakebite" {venom, curare, rPois}
   (You found it on level 6 of the Dungeon)

   It poisons the flesh of those it strikes.
   It occasionally inflicts asphyxiating poison on those it strikes, dealing
   poison damage and causing slowness.
   rPois:     It protects you from poison.
Missiles
 k - 11 poisoned darts (quivered)
Armour
 q - a +0 cloak (worn)
 D - a +0 kite shield (worn)
 I - +0 acid dragon scales (worn)
Jewellery
 l - a +6 ring of strength (right claw)
 r - a ring of protection from cold
 A - a ring of resist corrosion (left claw)
Wands
 v - a wand of iceblast (13)
 y - a wand of quicksilver (8)
 F - a wand of mindburst (13)
Scrolls
 a - a scroll of noise {unknown}
 d - 2 scrolls of fear
 e - 3 scrolls of amnesia
 i - 3 scrolls of vulnerability
 j - a scroll of enchant armour {unknown}
 n - 2 scrolls of immolation
 o - 3 scrolls of magic mapping
 t - a scroll of blinking {unknown}
 B - 5 scrolls of teleportation
 E - a scroll of poison {unknown}
 G - a scroll of torment {unknown}
 H - a scroll of enchant weapon {unknown}
Potions
 c - 2 potions of might
 f - 2 potions of mutation {unknown}
 g - a potion of attraction {unknown}
 h - a potion of cancellation
 m - a potion of heal wounds
 p - a potion of berserk rage
 s - 2 potions of haste
 u - a potion of curing {unknown}
 w - a potion of ambrosia {unknown}
 x - 2 potions of degeneration {unknown}
 z - 2 potions of brilliance {unknown}
 C - a potion of lignification {unknown}


   Skills:
 + Level 3.8 Fighting
 + Level 3.1 Throwing
 - Level 2.4 Dodging
 + Level 4.2 Shields
 * Level 12.4 Unarmed Combat


You had 8 spell levels left.
You didn't know any spells.
Your spell library contained the following spells:

 Spells                   Type           Power      Damage    Failure   Level
 Shock                    Conj/Air       0%         1d3       83%         1
 Sublimation of Blood     Necr           0%         N/A       93%         2
 Swiftness                Air            0%         N/A       99%         3
 Airstrike                Air            0%         2d(0-16)  100%        4
 Petrify                  Tmut/Erth      0%         N/A       100%        4
 Irradiate                Conj/Tmut      0%         3d11      100%        5


Dungeon Overview and Level Annotations

Branches:
Dungeon (8/15)             Temple (1/1) D:4
   Lair: D:8-11

Altars:
Ashenzari
Cheibriados
Dithmenos
Elyvilon
Fedhas
Gozag
Hepliaklqana
Kikubaaqudgha
Makhleb
Nemelex Xobeh
Okawaru
Qazlal
Sif Muna
Trog
Uskayaw
Vehumet
Wu Jian
Xom
Yredelemnul
Zin
The Shining One

Annotations:
D:7 Amaemon
D:8 Maurice


Innate Abilities, Weirdness & Mutations

You are too large for most types of armour.
You have claws for hands.
Your natural rate of healing is unusually fast.
You are covered in fur. (AC +1)
You have tough skin. (AC +1)


Message History

You claw Amaemon!
Amaemon is severely wounded.
Amaemon completely misses you. You block Amaemon's attack.
Amaemon tail-slaps you.
You are poisoned.
Amaemon poisons you!
You closely miss Amaemon.
Amaemon is severely wounded.
You feel very sick.
Amaemon casts a spell.
You feel very sick.
Amaemon hits you with a -1 demon whip of venom!
You block Amaemon's attack. x2; The scorpion stings you.
* * * LOW HITPOINT WARNING * * *
The scorpion stings you.
* * * LOW HITPOINT WARNING * * *
You are more poisoned.
The scorpion poisons you!
You climb upwards.
The scorpion disappears in a puff of smoke! x3
* * * LOW HITPOINT WARNING * * *
You feel extremely sick.
There is a stone staircase leading down, spattered with blood here.
You see here a +0 spear.
It was a potion of heal wounds.
You feel much better.
You feel very sick.
Amaemon hits you with a -1 demon whip of venom!
* * * LOW HITPOINT WARNING * * *
You are more poisoned.
Amaemon claws you.
* * * LOW HITPOINT WARNING * * *
You block Amaemon's attack.
It was a potion of cancellation.
You feel magically purged.
* * * LOW HITPOINT WARNING * * *
You feel extremely sick.
Amaemon hits you with a -1 demon whip of venom!
* * * LOW HITPOINT WARNING * * *
You are more poisoned.
Amaemon claws you.
You die...

#.#.#.#.##.#.#.....# #.#.#......
#.#.#.#.####.#.....# #......##.#
#.#.#.#.####.#....#####.#.#...##.
..#.#.#....#.########.#.......#..
###.#.####.#.....#.....#......##.
###.#.## #.#####.#....<..........
##..#..# #.....#.#...#..###.##...
##.###.####...##.#...##.##.##....
##.#....###..###@[.........#...(.
##......##....##)6...............
.#...........##..................
...#..................[......#...
...#.....###......)........##....
##.#.#.....#..#.#.#........#.....
#.#.#...................#.#.##..
##.#.#.......#..#.#.[...##.#.##..
.#.#.#......##..........##.#.#...


You could see Amaemon (very poisoned).

Vanquished Creatures
  An orange demon (D:8)
  Joseph (D:7)
  Prince Ribbit (D:8)
  A steam dragon (D:8)
  Grum (D:7)
  A water moccasin (D:8)
  An acid dragon (D:7)
  A sky beast (D:7)
  An ice beast (D:5)
  A black bear (D:7)
  2 ogres
  4 wolves (D:7)
  A kobold brigand (D:6)
  4 bullfrogs
  3 scorpions
  2 necrophages
  3 howler monkeys
  A gnoll bouda (D:8)
  A hound (D:5)
  An orc priest (D:8)
  5 iguanas
  3 orc wizards
  12 gnolls
  8 adders
  A shadow imp (D:8)
  3 ufetubi
  A dart slug (D:4)
  17 orcs
  5 bats
  4 endoplasms
  4 giant cockroaches
  6 goblins
  5 hobgoblins
  3 jackals (D:2)
  7 quokkas
  8 ball pythons
  3 frilled lizards
  8 kobolds
  7 rats
142 creatures vanquished.

Vanquished Creatures (others)
  A fungus (D:8)
1 creature vanquished.

Grand Total: 143 creatures vanquished

Notes
Turn   | Place    | Note
-------+----------+-------------------------------------------
     0 | D:1      | ragingrage the Troll Fighter began the quest for the Orb.
     0 | D:1      | Reached XP level 1. HP: 22/22 MP: 0/0
    68 | D:1      | Reached XP level 2. HP: 22/29 MP: 1/1
    84 | D:1      | Reached skill level 3 in Unarmed Combat
   276 | D:1      | Reached XP level 3. HP: 36/36 MP: 2/2
   810 | D:2      | Reached skill level 4 in Unarmed Combat
   818 | D:2      | Found a faded altar of an unknown god.
   964 | D:2      | Reached XP level 4. HP: 43/44 MP: 3/3
  1375 | D:3      | Found a glowing silver altar of Zin.
  1375 | D:3      | Found an opulent altar of Gozag.
  1376 | D:3      | Found a blossoming altar of Fedhas.
  1636 | D:3      | Reached skill level 5 in Unarmed Combat
  1820 | D:3      | Reached XP level 5. HP: 50/50 MP: 4/4
  2596 | D:4      | Found a broken altar of Ashenzari.
  2832 | D:4      | Found a staircase to the Ecumenical Temple.
  2854 | Temple   | Entered the Ecumenical Temple
  3109 | D:5      | Entered Level 5 of the Dungeon
  3144 | D:5      | Noticed an ogre
  3155 | D:5      | Killed an ogre
  3156 | D:5      | Reached skill level 6 in Unarmed Combat
  3161 | D:5      | Reached XP level 6. HP: 57/59 MP: 5/5
  3374 | D:5      | Found an iron altar of Okawaru.
  3468 | D:5      | Reached skill level 7 in Unarmed Combat
  3477 | D:5      | Found a snail-covered altar of Cheibriados.
  3479 | D:5      | Noticed an ice beast
  3486 | D:5      | Killed an ice beast
  3747 | D:5      | Reached XP level 7. HP: 56/66 MP: 6/6
  3753 | D:5      | Reached skill level 8 in Unarmed Combat
  4316 | D:6      | Found the +8 whip "Snakebite" {venom, curare, rPois}
  4477 | D:6      | Reached skill level 9 in Unarmed Combat
  4681 | D:6      | Reached XP level 8. HP: 49/74 MP: 7/7
  4894 | D:7      | Noticed Joseph
  4916 | D:7      | Killed Joseph
  4917 | D:7      | Reached skill level 10 in Unarmed Combat
  5218 | D:7      | Reached skill level 11 in Unarmed Combat
  5561 | D:7      | Found a basalt altar of Yredelemnul.
  5699 | D:7      | Reached skill level 1 in Throwing
  5819 | D:8      | Noticed Grum
  5828 | D:7      | Reached XP level 9. HP: 50/80 MP: 8/8
  5833 | D:7      | Killed Grum
  6118 | D:8      | Reached skill level 12 in Unarmed Combat
  6252 | D:8      | Noticed Maurice
  6252 | D:8      | Noticed Prince Ribbit
  6507 | D:8      | Killed Prince Ribbit
  6605 | D:8      | Noticed an orange demon
  6623 | D:8      | Killed an orange demon
  6640 | D:8      | Noticed Amaemon
  6785 | D:7      | HP: 1/84 [Amaemon/-1 demon whip of venom (12)]
  6785 | D:7      | Slain by Amaemon

Illustrated notes

Levels and vault maps discovered:
D:1:      tarquinn_simple_flora_water_f, layout_basic
D:2:      layout_basic, hellmonk_ecumenical_altar_blasted
D:3:      layout_loops_corners, gammafunk_temple_overflow_forgotten
D:4:      layout_loops_corners, lemuel_round_altar, minmay_temple_entry_slanted
D:5:      layout_basic, lemuel_round_altar, old_standard_altar
D:6:      layout_basic
D:7:      layout_cave_pools, kennysheep_mini, serial_co_window_serial,
          co_window_paths_a, co_window_paths_a, co_window_corner_a,
          co_window_paths_a, co_window_corner_a, co_window_of_opportunity_a,
          co_window_corner_a, co_window_corner_a, co_window_corner_a,
          co_window_unsneaky_path_d, co_window_of_opportunity_b,
          co_window_broadway_b, co_window_paths_d, co_window_4corner_b,
          glass_columns_a, glass_columns_a, glass_columns_a, glass_columns_c,
          glass_columns_a, uniq_joseph
D:8:      layout_loops_corners, dreamdust_mushroom_princess, uniq_amaemon,
          uniq_prince_ribbit1, uniq_grum, uniq_maurice
Temple:   nicolae_temple_superstar

Skill      XL: |  1  2  3  4  5  6  7  8  9 |
---------------+----------------------------+-----
Unarmed Combat | 3 4 5 6 7 9 11 12 | 12.4
Throwing       | 1 3 |  3.1
Shields        | 3 4 |  4.2
Fighting       | 3 |  3.8
Dodging        | |  2.4

Action                   |  1- 3 |  4- 6 |  7- 9 || total
-------------------------+-------+-------+-------++-------
Melee: Unarmed           |    78 |   168 |   139 ||   385
       Whip              |       |       |    30 ||    30
Throw: Dart              |       |     4 |     4 ||     8
Evoke: Wand              |       |       |     3 ||     3
  Use: Scroll            |       |       |     5 ||     5
       Potion            |       |       |     3 ||     3
 Stab: Sleeping          |       |     1 |     1 ||     2
Armor: Robe              |    32 |    65 |    11 ||   108
       Acid dragon scale |       |       |    46 ||    46
Dodge: Dodged            |    37 |    45 |    64 ||   146
Block: Kite shield       |    26 |    50 |    86 ||   162

Table legend: (Time is in decaauts)
 A = Elapsed time spent in this place.
 B = Non-inter-level travel time spent in this place.
 C = Inter-level travel time spent in this place.
 D = Time resting spent in this place.
 E = Time spent auto-exploring this place.
 F = Levels seen in this place.
 G = Mean time per level.
                   A        B        C        D        E       F      G
               +--------+--------+--------+--------+--------+-----+--------+
         Total |   6798 |   6478 |    320 |    331 |   4952 |   9 |  755.3 |
       Dungeon |   6666 |   6364 |    302 |    331 |   4852 |   8 |  833.2 |
        Temple |    131 |    113 |     18 |      0 |    100 |   1 |  131.0 |
               +--------+--------+--------+--------+--------+-----+--------+

Top non-repeatable levels by time:
     D:7: 1314 daAuts
     D:3: 935 daAuts
     D:5: 875 daAuts
     D:4: 776 daAuts
     D:6: 760 daAuts
     D:8: 728 daAuts
     D:1: 642 daAuts
     D:2: 634 daAuts
  Temple: 131 daAuts
